 Dungeon Crawl Stone Soup version 0.30-a0-672-gc3a7216ad8 (console) character file.

Game seed: 2650786689885045694

4 petzl the Sneak (level 1, -2/17 (18) HPs)
             Began as a Formicid Delver on Jan 18, 2023.
             Killed from afar by a steam dragon (19 damage)
             ... with a ball of steam
             ... on level 6 of the Dungeon.
             The game lasted 00:01:29 (284 turns).

petzl the Sneak (Formicid Delver)                    Turns: 284, Time: 00:01:29

HP:   -2/17 (18)    AC:  3    Str: 16    XL:     1   Next: 66%
MP:   1/1           EV: 12    Int:  9    God:
Gold: 0             SH:  0    Dex: 15    Spells: 0/0 levels left

rFire   . . .      SeeInvis +    a - +0 mace
rCold   . . .      Faith    .    (no shield)
rNeg    . . .      Spirit   .    b - +0 leather armour
rPois   .          Reflect  .    (helmet unavailable)
rElec   .          Harm     .    (no cloak)
rCorr   .          Rampage  .    (no gloves)
Will    .....                    (no boots)
Stlth   +++                      (no amulet)
HPRegen 0.22/turn                (no ring)
MPRegen 0.07/turn                (no ring)

@: drained
A: permanent stasis, dig shafts and tunnels, antennae 3, four strong arms
a: Dig, Shaft Self


You were on level 6 of the Dungeon.
You visited 1 branch of the dungeon, and saw 4 of its levels.

Inventory:

Hand Weapons
 a - a +0 mace (weapon)
Missiles
 i - 4 poisoned darts
Armour
 b - a +0 leather armour (worn)
Wands
 g - a wand of digging (3)
Scrolls
 c - a scroll of fog
 d - a scroll of magic mapping
 e - a scroll of fear
 h - 2 scrolls of identify {unknown}
Potions
 f - a potion of haste
 j - a potion of heal wounds {unknown}


   Skills:
 + Level 3.3 Fighting
 + Level 2.1 Maces & Flails
 + Level 1.8 Dodging
 + Level 6.1 Stealth


You couldn't memorise any spells.
You didn't know any spells.
Your spell library was empty.

Dungeon Overview and Level Annotations

Branches:
Dungeon (6/15)
 Temple: D:4-7

Altars:


Innate Abilities, Weirdness & Mutations

You cannot be hasted, slowed, berserked, paralysed or teleported.
You can dig through walls and to a lower floor.
You have a pair of large antennae on your head. (SInv)
Your four strong arms can wield two-handed weapons with a shield.


Message History

The orc priest shouts!
You hear a shout! x2
Found a pair of gloves and 12 gold pieces.
There is a stone staircase leading up here.
The orc misses you. The orc barely misses you.
You climb upwards.
There is a stone staircase leading down here.
The orc barely misses you. The orc attacks as you move away!
The orc hits you with a +1 dagger of flaming.
The orc burns you.
Things that are here:
a +0 club; a goblin corpse The orc hits you with a +0 flail!
The orc attacks as you move away! The orc closely misses you.
The orc attacks as you move away!
The orc hits you with a +1 dagger of flaming.
* * * LOW HITPOINT WARNING * * *
The orc burns you.
* * * LOW HITPOINT WARNING * * *
Are you sure you want to shaft yourself?
The orc misses you.
You begin to dig a shaft.
You continue digging a shaft.
The orc misses you. A shaft appears beneath you!
You fall into a shaft and drop 2 floors!
The shaft crumbles and collapses.
Found 4 stones.
Found a stone staircase leading down.
You start resting.
HP restored.
There is a stone staircase leading down here.
You climb downwards.
There is a stone staircase leading up here.
A steam dragon comes into view.
Found an inky potion.
Found a leather armour.
The steam dragon hisses angrily.
The steam dragon breathes steam at you. The ball of steam hits you!!
Ouch! That really hurt!
You die...

.......<. .........
......... .........
..o...... ### ###.#####
{ #.. .. ... #.# .. #.#
#.# #.# #.# #######.#
##.# #.....#.# #..#
#.....#.# ##.##
#.....#.###..# .
#............########.#
#.....#.##.#.##.......#
#######.##.#...........
#.##.......§§D###
#.####<.@§§...... #.^
###....##### ###
....### ###..# ...#
#!#.# ..#.# [.##.#


There were no monsters in sight!

Vanquished Creatures
  A dart slug (D:3)
  A goblin (D:3)
2 creatures vanquished.

Notes
Turn   | Place    | Note
-------+----------+-------------------------------------------
     0 | D:5      | petzl the Formicid Delver began the quest for the Orb.
     0 | D:5      | Reached XP level 1. HP: 18/18 MP: 1/1
    20 | D:4      | You fall into a shaft and drop 1 floor!
   186 | D:4      | Noticed an orc priest
   186 | D:4      | Noticed a jelly
   196 | D:3      | You fall into a shaft and drop 2 floors!
   281 | D:6      | Noticed a steam dragon
   284 | D:6      | Killed from afar by a steam dragon

Illustrated notes

Levels and vault maps discovered:
D:3:      kennysheep_big_flooded_room, layout_loops_ring,
          ebering_ghost_rock_garden
D:4:      layout_loops_corners, grunt_temple_overflow_gold_and_silver,
          minmay_temple_entry_statues, wad_floor_pattern_untrapped,
          chequers_serial_rivers_large_b, uniq_crazy_yiuf_cottage
D:5:      layout_basic, pdpol_wu_jian_five_deadly_venoms,
          mainiacjoe_overflow_tiny_flanked, serial_shops, nicolae_diamond_shop
D:6:      layout_rooms, cheibriados_altar_1, minmay_ruffians, uniq_sigmund

Action                   || total
-------------------------++-------
Melee: Mace              ||     6
 Abil: Shaft Self        ||     2
       Dig               ||     1
Armor: Leather armour    ||     3
Dodge: Dodged            ||    17

Table legend: (Time is in decaauts)
 A = Elapsed time spent in this place.
 B = Non-inter-level travel time spent in this place.
 C = Inter-level travel time spent in this place.
 D = Time resting spent in this place.
 E = Time spent auto-exploring this place.
 F = Levels seen in this place.
 G = Mean time per level.
                   A        B        C        D        E       F      G
               +--------+--------+--------+--------+--------+-----+--------+
         Total |    284 |    284 |      0 |    121 |     23 |   4 |   71.0 |
       Dungeon |    284 |    284 |      0 |    121 |     23 |   4 |   71.0 |
               +--------+--------+--------+--------+--------+-----+--------+

Top non-repeatable levels by time:
     D:5: 162 daAuts
     D:3: 76 daAuts
     D:6: 32 daAuts
     D:4: 14 daAuts
